AoeStats
← Talerx3764

Arabia

506436061Analyzed
2v2 RM · 18d ago on Sep 13, 2026· 74m 35s· 4 players
Game mode
Random Map
Map size
Medium (4 player)
Population
200
Speed
Normal
Resources
Standard
Victory
Conquest
Starting age
Dark Age
Ending age
Imperial Age
RankedLock teamsTeams togetherTeam positionsShared explorationLock speedFull tech treeHidden civsTurbo modeCheats
Victory
Defeat
🇺🇸 Italians · United States
732
+18
🇮🇳 Vietnamese · India
719
+18
🇨🇱 Byzantines · Chile
777
-18
🇺🇸 Vikings · United States
773
-18
Fricks
3:25 Loom
10:26 Feudal Age
15:36 Castle Age
13:31 Double-Bit Axe
13:28 Horse Collar
23:53 Wheelbarrow
24:21 Town Watch
29:23 Imperial Age
28:19 Hand Cart
28:19 Caravan
29:11 Gold Mining
29:11 Stone Mining
29:33 Bow Saw
29:26 Heavy Plow
29:43 Forging
29:23 Fletching
29:54 Town Patrol
32:32 Two-Man Saw
32:54 Crop Rotation
33:38 Iron Casting
33:09 Scale Barding Armor
32:59 Bodkin Arrow
33:04 Padded Archer Armor
35:22 Blast Furnace
36:07 Pirotechnia
36:18 Silk Road
36:19 Conscription
37:04 Chemistry
36:00 Murder Holes
36:26 Ballistics
36:17 Masonry
38:09 Bloodlines
37:59 Husbandry
38:23 Chain Barding Armor
40:28 Stone Shaft Mining
40:04 Light Cavalry
40:04 Cavalier
40:35 Pikeman
44:38 Scale Mail Armor
45:14 Plate Barding Armor
44:39 Bracer
44:55 Leather Archer Armor
44:50 Elite Skirmisher
45:37 Hussar
50:35 Bombard Tower
52:57 Elite Genoese Crossbowman
53:27 Imperial Skirmisher
julienPlvg91
0:35 Loom
10:37 Feudal Age
11:14 Double-Bit Axe
18:41 Castle Age
19:03 Gold Mining
19:04 Stone Mining
22:27 Bow Saw
22:56 Stone Shaft Mining
24:02 Crossbowman
26:28 Pikeman
28:24 Fletching
28:35 Padded Archer Armor
34:07 Imperial Age
35:37 Arbalester
36:18 Bodkin Arrow
36:38 Leather Archer Armor
39:49 Halberdier
42:16 Two-Man Saw
Koi boy 1999
11:10 Feudal Age
11:58 Horse Collar
12:05 Double-Bit Axe
20:48 Castle Age
18:58 Man-at-Arms
20:05 Stone Mining
21:35 Gold Mining
24:03 Bow Saw
25:12 Long Swordsman
26:26 Pikeman
29:54 Elite Skirmisher
35:29 Ballistics
35:02 Guard Tower
35:08 Murder Holes
39:40 Imperial Age
37:39 Ballistics
41:21 Gold Shaft Mining
40:20 Capped Ram
40:21 Heavy Scorpion
42:55 Arrowslits
48:09 Caravan
48:43 Coinage
48:14 Caravan
51:32 Conscription
52:35 Light Cavalry
52:49 Cavalier
56:10 Two-Handed Swordsman
56:36 Elite Berserk
58:44 Forging
59:21 Scale Mail Armor
61:48 Chieftains
64:01 Two-Handed Swordsman
64:30 Gambesons
64:49 Squires
64:39 Arson
64:41 Crossbowman
65:00 Champion
Talerx3764
1:34 Loom
10:51 Feudal Age
11:38 Horse Collar
11:45 Double-Bit Axe
21:18 Castle Age
20:31 Stone Mining
20:33 Gold Mining
20:44 Fletching
22:25 Bow Saw
22:25 Heavy Plow
25:11 Gold Shaft Mining
24:06 Pikeman
25:39 Padded Archer Armor
26:54 Squires
26:17 Elite Skirmisher
30:46 Thumb Ring
34:51 Imperial Age
32:46 Fortified Wall
32:33 Murder Holes
33:08 Thumb Ring
33:58 Stone Shaft Mining
35:43 Ballistics
35:10 Heavy Camel Rider
37:03 Conscription
38:51 Two-Man Saw
39:20 Chemistry
40:49 Wheelbarrow
40:38 Halberdier
45:33 Hand Cart
45:37 Scale Barding Armor
45:44 Forging
45:36 Scale Mail Armor
45:57 Bodkin Arrow
49:17 Chain Barding Armor
49:12 Chain Mail Armor
52:50 Light Cavalry
60:45 Hussar
61:27 Husbandry
62:30 Iron Casting
62:26 Plate Mail Armor
62:32 Plate Barding Armor
61:58 Bracer
62:15 Leather Archer Armor
Connection lost

Rejoining the realm…

Still unreachable

The connection could not be restored.

Session expired

The server has moved on; the page needs a fresh start.